AoeStats
← Emperor_Napoleon

Arena

510780496Analyzed
2v2 RM · 7h ago on Oct 2, 2026· 39m 49s· 4 players
Game mode
Random Map
Map size
Medium (4 player)
Population
200
Speed
Normal
Resources
Standard
Victory
Conquest
Starting age
Dark Age
Ending age
Imperial Age
RankedLock teamsTeams togetherTeam positionsShared explorationLock speedFull tech treeHidden civsTurbo modeCheats
Victory
Defeat
🇨🇳 Georgians · China
1827
+8
🇨🇳 Persians · China
1778
+9
🇮🇳 Vietnamese · India
1628
-9
🇷🇺 Danes · Russia
1612
-8
老愛國
9:43 Feudal Age
13:10 Castle Age
11:16 Double-Bit Axe
11:54 Horse Collar
14:02 Heavy Plow
21:24 Bow Saw
21:07 Gold Mining
22:00 Wheelbarrow
21:23 Loom
22:40 Stone Mining
24:35 Scale Barding Armor
25:07 Gold Shaft Mining
25:29 Hand Cart
26:21 Town Watch
27:14 Chain Barding Armor
27:06 Bloodlines
30:05 Imperial Age
28:21 Husbandry
28:33 Forging
29:14 Stone Shaft Mining
29:29 Light Cavalry
30:47 Iron Casting
30:26 Masonry
29:55 Cavalier
31:14 Plate Barding Armor
31:38 Coinage
31:21 Guilds
31:36 Conscription
32:28 Blast Furnace
32:27 Crop Rotation
32:58 Two-Man Saw
31:46 Savar
34:12 Banking
34:50 Devotion
34:32 Elite War Elephant
36:56 Chemistry
36:14 Herbal Medicine
36:37 Fletching
37:19 Architecture
40:29 Hoardings
Emperor_Napoleon
8:27 Loom
10:23 Feudal Age
12:38 Double-Bit Axe
15:04 Castle Age
12:51 Horse Collar
15:16 Light Cavalry
16:22 Bow Saw
25:32 Wheelbarrow
25:01 Gold Mining
26:28 Sanctity
27:39 Hand Cart
27:18 Stone Mining
31:34 Imperial Age
31:42 Imperial Age
31:01 Padded Archer Armor
31:50 Treadmill Crane
33:27 Chemistry
32:44 Leather Archer Armor
32:42 Heavy Plow
33:27 Stone Shaft Mining
32:39 Town Watch
33:08 Fletching
32:58 Onager
33:56 Svan Towers
34:12 Conscription
34:47 Hoardings
34:25 Masonry
34:21 Siege Engineers
34:09 Guard Tower
34:04 Arrowslits
36:24 Keep
35:55 Siege Engineers
36:27 Architecture
36:03 Siege Engineers
37:25 Hoardings
38:14 Bodkin Arrow
38:54 Ballistics
38:46 Careening
38:33 Murder Holes
Mr.Haloka
10:37 Feudal Age
14:07 Castle Age
12:05 Double-Bit Axe
12:01 Horse Collar
17:34 Gold Mining
17:47 Arson
19:01 Forging
20:10 Scale Mail Armor
25:46 Heavy Plow
29:17 Wheelbarrow
29:03 Bow Saw
29:04 Squires
33:25 Imperial Age
30:42 Loom
32:10 Chain Mail Armor
32:28 Hand Cart
34:31 Onager
36:07 Conscription
36:33 Town Watch
37:25 Gold Shaft Mining
37:42 Siege Onager
TheSleepyBishop
11:41 Feudal Age
12:29 Double-Bit Axe
12:25 Horse Collar
15:21 Castle Age
13:46 Gold Mining
14:16 Fletching
16:05 Bodkin Arrow
16:23 Bow Saw
16:59 Bodkin Arrow
23:08 Padded Archer Armor
25:15 Wheelbarrow
27:02 Hand Cart
31:07 Imperial Age
28:24 Loom
28:40 Town Watch
29:00 Heavy Plow
29:35 Leather Archer Armor
30:51 Ballistics
31:10 Elite Rattan Archer
33:03 Chemistry
32:21 Bracer
34:11 Paper Money
37:12 Two-Man Saw
36:43 Crop Rotation
36:58 Hoardings
37:31 Murder Holes
37:46 Masonry
Connection lost

Rejoining the realm…

Still unreachable

The connection could not be restored.

Session expired

The server has moved on; the page needs a fresh start.